 Dungeon Sprint DCSS version 0.29-a0-923-g6e406bff71 (webtiles) character file.

Game seed: 17665420278554356627

105 rocky1 the Shield-Bearer (level 5, -4/44 HPs)
             Began as a Formicid Fighter on July 28, 2022.
             Was an Initiate of Cheibriados.
             Slain by a yak (6 damage)
             ... in the Dungeon (Sprint IX: "|||||||||||||||||||||||||||||").
             The game lasted 00:01:44 (652 turns).

rocky1 the Shield-Bearer (Formicid Fighter)          Turns: 652, Time: 00:01:45

Health: -4/44      AC: 12    Str: 29    XL:     5   Next: 9%
Magic:  5/5        EV:  8    Int:  9    God:    Cheibriados [......]
Gold:   0          SH:  6    Dex: 14    Spells: 4/4 levels left

rFire   . . .      SeeInvis +   k - +2 halberd (vamp)
rCold   . . .      Faith    .   c - +0 buckler
rNeg    . . .      Spirit   .   n - +1 chain mail
rPois   .          Reflect  .   (helmet unavailable)
rElec   .          Harm     .   (no cloak)
rCorr   .          Rampage  .   m - +0 pair of gloves
Will    .....                   (no boots)
Stlth   ..........              (no amulet)
HPRegen 0.14/turn               o - +3 ring of strength
MPRegen 0.09/turn               p - +3 ring of strength

@: very slow
A: permanent stasis, dig shafts and tunnels, antennae 3, four strong arms
a: Dig, Renounce Religion


You were in the Dungeon.
You worshipped Cheibriados.
Cheibriados was noncommittal.
You visited 1 branch

Inventory:

Hand Weapons
 a - a +2 scimitar of holy wrath
 k - a +2 vampiric halberd (weapon)
 l - a +2 vorpal morningstar
Armour
 b - a +0 scale mail
 c - a +0 buckler (worn)
 m - a +0 pair of gloves (worn)
 n - a +1 chain mail (worn)
Jewellery
 o - a +3 ring of strength (left hand)
 p - a +3 ring of strength (right hand)
Wands
 j - a wand of quicksilver (10)
Scrolls
 i - 2 scrolls of amnesia
Potions
 d - a potion of might
 e - 5 potions of curing
 f - 3 potions of heal wounds
 g - 4 potions of magic
 h - a potion of invisibility


   Skills:
 - Level 5.5 Fighting
 - Level 4.8 Maces & Flails
 * Level 0.0 Polearms
 - Level 6.3 Armour
 - Level 0.7 Dodging
 + Level 7.0 Shields
 + Level 0.0 Invocations


You had 4 spell levels left.
You didn't know any spells.
Your spell library was empty.

Dungeon Overview and Level Annotations

Branches:
Dungeon (1/1)

Altars:
Cheibriados
Dithmenos
Elyvilon
Fedhas
Gozag
Hepliaklqana
Kikubaaqudgha
Makhleb
Nemelex Xobeh
Okawaru
Qazlal
Ru
Sif Muna
Trog
Uskayaw
Vehumet
Wu Jian
Xom
Yredelemnul
Zin
The Shining One
Jiyva
Lugonu


Innate Abilities, Weirdness & Mutations

You cannot be hasted, slowed, berserked, paralysed or teleported.
You can dig through walls and to a lower floor.
You have a pair of large antennae on your head. (SInv)
Your four strong arms can wield two-handed weapons with a shield.


Message History

Things that are here:
a +4 quarterstaff of speed; a +1 vorpal broad axe; a +2 rapier of venom
Okay, then.
You see here a +0 helmet.
You see here a +0 flail.
Okay, then.
You open the door. 2 centaurs, an orc wizard, a killer bee and 2 yaks come into view.
The yak bellows!
The centaur shouts! x2; The yak bellows!
The orc wizard casts a spell.
The orc wizard flickers and vanishes for a moment.
Unknown command.
You completely miss the yak. The yak gores you!
The yak gores you but does no damage.
You barely miss the yak. The yak gores you.
You hit the yak.
You feel better.
The yak is lightly wounded.
The yak closely misses you. The yak gores you but does no damage.
You hit the yak but do no damage.
The yak is lightly wounded.
The yak gores you but does no damage.
You slash the yak!
The yak is heavily wounded.
The yak barely misses you. x2
You slash the yak!
You feel better.
The yak is severely wounded.
The yak gores you!
You hit the yak but do no damage.
The yak is severely wounded.
The yak gores you!
* * * LOW HITPOINT WARNING * * *
The yak gores you!
* * * LOW HITPOINT WARNING * * *
Unknown command.
You hit the yak.
The yak is almost dead.
The yak gores you.
* * * LOW HITPOINT WARNING * * *
The yak gores you.
You die...

▓.▓
{
▓?▓
{
▓)▓
{
▓.▓
{
▓.▓
{
▓[▓
{
▓.▓
{
▓.▓
{
▓@▓
▓Y▓
▓c▓
▓c▓
▓o▓
▓y▓
▓Y▓
▓.▓


You could see 2 yaks, 2 centaurs, a killer bee and an orc wizard (invisible).

Vanquished Creatures
  A centaur (D)
  2 adders (D)
  An orc (D)
  A bat (D)
  A goblin (D)
  A hobgoblin (D)
  A quokka (D)
  2 rats (D)
10 creatures vanquished.

Notes
Turn   | Place    | Note
-------+----------+-------------------------------------------
     0 | D        | rocky1 the Formicid Fighter began the quest for the Orb.
     0 | D        | Reached XP level 1. HP: 18/18 MP: 1/1
   215 | D        | Noticed a centaur
   225 | D        | Killed a centaur
   226 | D        | Reached skill level 5 in Fighting
   226 | D        | Reached skill level 6 in Shields
   226 | D        | Reached XP level 2. HP: 10/27 MP: 2/2
   226 | D        | Reached XP level 3. HP: 12/33 MP: 3/3
   226 | D        | Reached XP level 4. HP: 14/39 MP: 4/4
   246 | D        | Reached skill level 7 in Shields
   246 | D        | Reached XP level 5. HP: 14/44 MP: 5/5
   560 | D        | Found a snail-covered altar of Cheibriados.
   560 | D        | Found a shadowy altar of Dithmenos.
   560 | D        | Found a white marble altar of Elyvilon.
   560 | D        | Found a blossoming altar of Fedhas.
   560 | D        | Found an opulent altar of Gozag.
   561 | D        | Found a hazy altar of Hepliaklqana.
   562 | D        | Found a viscous altar of Jiyva.
   563 | D        | Found an ancient bone altar of Kikubaaqudgha.
   564 | D        | Became a worshipper of Cheibriados the Contemplative
   565 | D        | Found a corrupted altar of Lugonu.
   566 | D        | Found a burning altar of Makhleb.
   567 | D        | Found a sparkling altar of Nemelex Xobeh.
   568 | D        | Found an iron altar of Okawaru.
   569 | D        | Found a stormy altar of Qazlal.
   570 | D        | Found a sacrificial altar of Ru.
   571 | D        | Found a shimmering blue altar of Sif Muna.
   572 | D        | Found a bloodstained altar of Trog.
   573 | D        | Found a hide-covered altar of Uskayaw.
   574 | D        | Found a radiant altar of Vehumet.
   575 | D        | Found an ornate altar of the Wu Jian Council.
   576 | D        | Found a shimmering altar of Xom.
   577 | D        | Found a basalt altar of Yredelemnul.
   578 | D        | Found a glowing silver altar of Zin.
   579 | D        | Found a glowing golden altar of the Shining One.
   644 | D        | Noticed a yak
   644 | D        | Noticed a centaur
   644 | D        | Noticed a centaur
   644 | D        | Noticed a yak
   652 | D        | HP: 2/44 [yak (4)]
   652 | D        | Slain by a yak

Illustrated notes

Levels and vault maps discovered:
D:        linesprint [early_d, line_temple, items_1, d_10, items_2, lair_1,
          lair_end, items_3, orc_1, orc_end, items_4, d_15, swamp_1, shoals_1,
          snake_1, spider_1, d_20, vaults_1, items_5, swamp_end, shoals_end,
          snake_end, spider_end, vaults_end, d_27, items_6, zot_1, zot_end,
          crypt_end, forest_end, elf_end, slime_end, tomb_end, abyss_end,
          pan_hell_end]

Skill      XL: |  1  2  3  4 |
---------------+-------------+-----
Fighting       | 5 |  5.5
Maces & Flails | 4 |  4.8
Armour         | 6 |  6.3
Shields        | 6 7 |  7.0
Dodging        | |  0.7

Action                   |  1- 3 |  4- 6 || total
-------------------------+-------+-------++-------
Melee: Flail             |    30 |    23 ||    53
       Halberd           |       |     8 ||     8
Armor: Scale mail        |     9 |    11 ||    20
       Chain mail        |       |     3 ||     3
Dodge: Dodged            |    25 |    12 ||    37
Block: Buckler           |    10 |     6 ||    16

Table legend: (Time is in decaauts)
 A = Elapsed time spent in this place.
 B = Non-inter-level travel time spent in this place.
 C = Inter-level travel time spent in this place.
 D = Time resting spent in this place.
 E = Time spent auto-exploring this place.
 F = Levels seen in this place.
 G = Mean time per level.
                   A        B        C        D        E       F      G
               +--------+--------+--------+--------+--------+-----+--------+
         Total |    682 |    682 |      0 |    490 |      0 |   1 |  682.0 |
       Dungeon |    682 |    682 |      0 |    490 |      0 |   1 |  682.0 |
               +--------+--------+--------+--------+--------+-----+--------+

Top non-repeatable levels by time:
       D: 682 daAuts
